Cogmind - Beta 10.1 @@@ ROGUE MODE // 2020.10.18 @ 00:04:41 Player: MistressMomoko Result: Destroyed by as-88421 with Assembled Heavy Rifle Performance ------------- Evolutions (0) 0 Regions Visited (2) 400 Robots Destroyed (11) 55 Value Destroyed (246) 246 Prototype IDs (0) 0 Alien Tech Used (0) 0 Bonus (0) 0 TOTAL SCORE: 701 Bonus ------- None Cogmind --------- Core Integrity 0/250 Matter 200/300 Energy 125/125 System Corruption 0% Temperature Cool (0) Movement Core (150) Ox2 Location -10/Mines Parts ------- > --- POWER (1) -------- Light Ion Engine > --- PROPULSION (2) --- (None) > --- UTILITY (2) ------ Small Storage Unit > --- WEAPON (2) ------- (None) > --- INVENTORY (6) ---- Light Assault Rifle Light Assault Rifle Peak State ------------ > --- POWER ------------ Ion Engine > --- PROPULSION ------- Light Treads Light Treads > --- UTILITY ---------- Small Storage Unit Sensor Array > --- WEAPON ----------- Assault Rifle Grenade Launcher > --- INVENTORY -------- Light Ion Engine Aluminum Leg Aluminum Leg Medium Laser Light Assault Rifle Light Assault Rifle [Rating: 7] Favorites ----------- Power Ion Engine Engine Ion Engine Propulsion Light Treads Treads Light Treads Leg Aluminum Leg Utility Small Storage Unit Device Sensor Array Storage Small Storage Unit Weapon Assault Rifle Energy Gun Medium Laser Ballistic Gun Assault Rifle Launcher Grenade Launcher Build | -11 -10 -10 ------- Run | Scr Mat Min Slots Evolved . | . . . Power . | . . . Propulsion . | . . . Utility . | . . . Weapon . | . . . Parts Attached 12 | 6 2 4 Power 2 | 1 . 1 Engine 2 | 1 . 1 Core . | . . . Reactor . | . . . Propulsion 4 | 2 . 2 Treads 2 | 2 . . Leg 2 | . . 2 Wheel . | . . . Hover . | . . . Flight . | . . . Utility 2 | 1 1 . Device 1 | . 1 . Storage 1 | 1 . . Processor . | . . . Hackware . | . . . Protection . | . . . Artifact . | . . . Weapon 4 | 2 1 1 Energy Gun 1 | . . 1 Energy Cannon . | . . . Ballistic Gun 2 | 2 . . Ballistic Cannon . | . . . Launcher 1 | . 1 . Special Weapon . | . . . Impact Weapon . | . . . Slashing Weapon . | . . . Piercing Weapon . | . . . Special Melee Weapon . | . . . Unidentified Prototypes . | . . . Parts Lost 8 | . . 8 Power 1 | . . 1 Propulsion 4 | . . 4 Utility 1 | . . 1 Weapon 2 | . . 2 Highest Loss Streak 8 | . . 8 Average Slot Usage (%) 90 | . 93 87 Engine 14 | . 14 14 Treads 25 | . 28 21 Leg 1 | . . 2 Device 9 | . 7 11 Storage 14 | . 14 14 Energy Gun 4 | . . 9 Ballistic Gun 14 | . 16 10 Launcher 7 | . 11 1 Naked Turns . | . . . Heaviest Build 15 | 12 15 15 Greatest Support 40 | 40 40 40 Greatest Overweight (x) 2 | . . 2 Average Overweight (x) . | . . . Largest Inventory Capacity 6 | 6 6 6 Average Capacity 5 | 5 6 6 Most Carried 6 | 4 6 6 Average Carried 5 | 2 5 5 Final Capacity 6 | 6 6 6 Final Carried 6 | 4 6 2 Class Distribution -------------------- 100% | Mutant Dominant Class ---------------- Mutant | -10/Materials Mutant | -10/Mines Resources | -11 -10 -10 ----------- Run | Scr Mat Min Matter Collected 329 | 244 46 39 Remotely . | . . . Salvage Created 222 | . 222 . Parts 20 | . 20 . Haulers Intercepted . | . . . Recyclers Shooed . | . . . Parts Field Recycled . | . . . Retrieved Matter . | . . . Parts Self-Destructed . | . . . Prevented . | . . . Kills | -11 -10 -10 ------- Run | Scr Mat Min Combat Hostiles Destroyed 8 | . 8 . Guns 3 | . 3 . AOE 5 | . 5 . Classes Destroyed 5 | . 5 . Worker 1 | . 1 . Recycler 1 | . 1 . Watcher 1 | . 1 . Swarmer 3 | . 3 . Grunt 5 | . 5 . Best Kill Streak 10 | . 10 . Combat Bots Only 8 | . 8 . Max Kills in Single Turn 3 | . 3 . Gunslinging . | . . . Exploded 2 | . 2 . Melee . | . . . Uniques/NPCs Destroyed . | . . . Combat | -11 -10 -10 -------- Run | Scr Mat Min Damage Taken 1142 | . 275 867 Core 266 | . 44 222 Absorbed by Shields . | . . . Core Remaining (%) 100 | 100 . . Volleys Fired 13 | . 11 2 Largest 2 | . 2 2 Hottest 70 | . 50 70 Shots Fired 26 | . 22 4 Gun 15 | . 11 4 Cannon . | . . . Launcher 11 | . 11 . Special . | . . . Kinetic 13 | . 11 2 Thermal 2 | . . 2 Explosive 11 | . 11 . Electromagnetic . | . . . Robot Hit Streak 8 | . 8 . Robot Miss Streak 4 | . 2 4 Penetration Max . | . . . Secondary Targets . | . . . Shots Hit Robots 15 | . 15 . Core Hits 21 | . 21 . Critical Hits . | . . . Critical Kills . | . . . Critical Parts Destroyed . | . . . Melee Attacks . | . . . Impact . | . . . Slashing . | . . . Piercing . | . . . Sneak Attacks . | . . . Combat Hostiles . | . . . Follow-up Attacks . | . . . Damage Inflicted 548 | . 536 12 Guns 101 | . 89 12 Cannons . | . . . Explosions 447 | . 447 . Melee . | . . . Ramming . | . . . Kinetic 101 | . 89 12 Thermal . | . . . Explosive 447 | . 447 . Electromagnetic . | . . . Impact . | . . . Slashing . | . . . Piercing . | . . . Highest Corruption . | . . . Average Corruption . | . . . Corruption Purged . | . . . Overload Shots . | . . . Overflow Damage 8 | . 8 . Projectiles . | . . . Explosions 8 | . 8 . Melee . | . . . Knockbacks . | . . . Impact . | . . . Kinetic . | . . . Secondary . | . . . Self-Inflicted Damage 123 | . 123 . Shots 5 | . 5 . Rammed . | . . . Targets Rammed . | . . . Kicked . | . . . Crushed . | . . . Highest Temperature 29 | . 12 29 Average Temperature 8 | . 6 11 Received Heat Transfer 254 | . 54 200 Siege Activations . | . . . Robots Corrupted . | . . . Combat Hostiles . | . . . Parts Fried . | . . . Impact Corruptions . | . . . Robots Melted . | . . . Combat Hostiles . | . . . Parts Melted . | . . . Heat Transferred . | . . . Parts Sabotaged . | . . . Parts Stolen . | . . . Parts Stripped . | . . . Power Chain Reactions . | . . . Missiles Intercepted . | . . . Alert | -11 -10 -10 ------- Run | Scr Mat Min Peak Influence 237 | . 237 92 Initial 92 | . . 92 Average 51 | . 47 77 Maximum Alert Level 1 | . 1 . Low Security (%) 92 | 100 84 100 Level 1 7 | . 15 . Level 2 . | . . . Level 3 . | . . . Level 4 . | . . . Level 5 . | . . . High Security . | . . . Max Security . | . . . Squads Dispatched 1 | . 1 . Investigation 1 | . 1 . Extermination . | . . . Reinforcement . | . . . Assault . | . . . Garrison . | . . . Intercept . | . . . Construction Impeded . | . . . Haulers Reinforced . | . . . Stealth | -11 -10 -10 --------- Run | Scr Mat Min Distress Signals . | . . . Communications Jammed . | . . . Distress Signals . | . . . Times Spotted 20 | . 10 10 Peak Tracking Total 7 | . 4 7 Tactical Retreats 2 | . 1 1 Traps | -11 -10 -10 ------- Run | Scr Mat Min Traps Triggered 1 | . 1 . Indirectly . | . . . Trap Hack Attempts . | . . . Triggered . | . . . Disarmed . | . . . Reprogrammed . | . . . Reused 1 | . . 1 Traps Extracted . | . . . Installed 1 | . . 1 Triggered . | . . . Machines | -11 -10 -10 ---------- Run | Scr Mat Min Machines Disabled 1 | . 1 . Max in Single Turn 1 | . 1 . Machines Sabotaged . | . . . Garrisons Compromised . | . . . Overloaded Fab Kills . | . . . Fab Network Shutdowns . | . . . Hacking | -11 -10 -10 --------- Run | Scr Mat Min Machines Accessed 2 | . 2 . Terminals 2 | . 2 . Fabricators . | . . . Repair Stations . | . . . Recycling Units . | . . . Scanalyzers . | . . . Garrison Access . | . . . Total Hacks 4 | . 4 . Successful 2 | . 2 . Failed 2 | . 2 . Catastrophic . | . . . Database Lockouts . | . . . Manual . | . . . Terminals 4 | . 4 . Fabricators . | . . . Repair Stations . | . . . Recycling Units . | . . . Scanalyzers . | . . . Garrison Access . | . . . Terminal Hacks 2 | . 2 . Robot Analysis 1 | . 1 . Zone Layout 1 | . 1 . Fabricator Hacks . | . . . Repair Station Hacks . | . . . Recycling Unit Hacks . | . . . Scanalyzer . | . . . Garrison Access Hacks . | . . . Unauthorized Hacks . | . . . Terminals . | . . . Fabricators . | . . . Repair Stations . | . . . Recycling Units . | . . . Scanalyzers . | . . . Garrison Access . | . . . Data Cores Recovered . | . . . Used . | . . . Hacking Detections 2 | . 2 . Full Trace Events . | . . . Feedback Events . | . . . Feedback Blocked . | . . . Robot Schematics Acquired . | . . . Robots Built . | . . . Matter . | . . . Time . | . . . Total Robot Build Rating . | . . . Part Schematics Acquired . | . . . Parts Built . | . . . Matter . | . . . Time . | . . . Total Part Build Rating . | . . . Parts Repaired . | . . . Time . | . . . Parts Recycled . | . . . Recycled Matter . | . . . Retrieved Matter . | . . . Retrieved Components . | . . . Parts Scanalyzed . | . . . Part Schematics Acquired . | . . . Parts Damaged . | . . . Bothacking | -11 -10 -10 ------------ Run | Scr Mat Min Used RIF Installer . | . . . Robots Hacked . | . . . Non-combat . | . . . Combat . | . . . Robot Hacks Applied . | . . . Relay Couplers Released . | . . . Robots Rewired . | . . . Allies Hacked . | . . . Hacks Repelled . | . . . Allies | -11 -10 -10 -------- Run | Scr Mat Min Total Allies . | . . . Largest Group . | . . . Highest-Rated Group . | . . . Highest-Rated Ally . | . . . Total Orders . | . . . Ally Attacks . | . . . Total Damage . | . . . Kills . | . . . Allies Corrupted . | . . . Allies Melted . | . . . Intel | -11 -10 -10 ------- Run | Scr Mat Min Robot Analysis Total 1 | . 1 . Derelict Logs Recovered 1 | . . 1 Drone Launches . | . . . Drone Recoveries . | . . . Exploration | -11 -10 -10 ------------- Run | Scr Mat Min Turns Passed 621 | 89 303 229 Spaces Moved 359 | 53 164 142 Core 21 | 10 . 11 Treads 313 | 43 164 106 Legs 25 | . . 25 Wheels . | . . . Hover . | . . . Flight . | . . . Fastest Speed 50 | 50 160 120 Average Speed 153 | 139 160 152 Slowest Speed 160 | 160 160 160 Overloaded Moves . | . . . Propulsion Burnouts . | . . . Robots Hopped . | . . . Cave-ins Triggered . | . . . Exploration Rate (%) 22 | 5 29 34 Regions Visited 2 Branch Regions 1 Pre-discovered Areas 1 | . . 1 Known Exits Taken . | . . . Unknown Exits Taken 2 | 1 1 . Scrap Searched 1 | . . 1 Spaces Dug . | . . . Terrain Destroyed 53 | . 53 . Melee . | . . . Projectile . | . . . AOE 53 | . 53 . Terrain Rammed . | . . . Walls Destroyed . | . . . Machines Disabled . | . . . Actions | -11 -10 -10 --------- Run | Scr Mat Min Total 403 | 68 183 152 Wait 3 | . 3 . Move 357 | 52 163 142 Hop . | . . . Pick Up 14 | 10 3 1 Fast Attach 1 | . 1 . Attach 11 | 6 1 4 Detach . | . . . Swap . | . . . Drop 3 | . 1 2 Fire 13 | . 11 2 Melee . | . . . Ram . | . . . Kick . | . . . Crush . | . . . Escape Stasis . | . . . Rewire . | . . . Trap 1 | . . 1 Miscellaneous . | . . . Route ------- -11/Scrapyard -10/Materials (discovered 2 exits: [Mat] / [*Min]) -10/Mines History --------- Turn | Location | Event 3 | -11/Scrapyard | Discovered new exit (range 16) 90 | -11/Scrapyard | Entered Materials 193 | -10/Materials | Discovered new exit (range 16) 302 | -10/Materials | Build established: Mutant 368 | -10/Materials | Destroyed 8 combat bots 368 | -10/Materials | Discovered new exit (range 14) 393 | -10/Materials | Entered Mines 394 | -10/Mines | Learned location of Storage (-8) 422 | -10/Mines | Found a hidden stash of uninstalled traps 434 | -10/Mines | Learned Materials trap positions 439 | -10/Mines | Met a Derelict bent on vengeance 515 | -10/Mines | Assembled infested the area 520 | -10/Mines | Assisted by a Guerilla fighting off Assembled 586 | -10/Mines | Core integrity fell below 50% 620 | -10/Mines | Core integrity fell below 20% 622 | -10/Mines | Destroyed by as-88421 with Assembled Heavy Rifle Last Messages --------------- 00538_ T-07 Excavator destroyed. 00540_ HV Slug penetrates Wall. 00543_ J8-0UX(h) destroyed. 00548_ U-05 Engineer lays Concrete. 00550_ U-05 Engineer destroyed. 00556_ Dropped Blade Trap. 00556_ Installed Blade Trap. 00558_ as-16649 triggered Blade Trap. 00558_ Massive razor-sharp blades shoot up from within the floor. 00569_ Lgt. Treads destroyed. 00572_ Assault Rifle destroyed. 00572_ Lgt. Treads destroyed. 00582_ Med. Laser destroyed. 00583_ Ion Engine destroyed. 00583_ Sensor Array destroyed. 00588_ Aluminum Leg destroyed. 00605_ R-06 Scavenger destroyed. 00606_ Aluminum Leg destroyed. 00607_ K-01 Serf collects debris. 00616_ K-01 Serf destroyed. Map ----- +----------------------------------------------------+ | | | | | | | | | | | | | | | | | | | | | | | | | | | | | | | | | | | | | | | | | | | | | ?????????????????????????????????????????????????? | | ?????????????????????####????????????????????????? | | ????????????????????## #####????????????????????? | | ?????????????###?#### @ #????????????????????? | | ????????????## ## a## #????????????????????? | | ????????????# a aa=aa#???????????????????????? | | ????????????# """*% ##???????????????????????? | | ???????####?## """ =##????????????????????????? | | ??????## ##?### """ ##?????????????????????????? | | ?????## ##??## #??????????????????????????? | | ###### ]& ##### #??????????????????????????? | | & !%=## ##??????????????????????????? | | ####### = ##???????????????????????????? | | ??????# ## #????????????????????????????? | | ??????# #### ##????????????????????????????? | | ??????# #??## ##?????????????????????????????? | | ??????# #???######??????????????????????????????? | | ??##### #???????????????????????????????????????? | | ??# #???????????????????????????????????????? | | ??# #???????????????????????????????????????? | | ??# #####???????????????????????????????????????? | | ??# #???????????????????????????????????????????? | | ??# #???????????????????????????????????????????? | | ??# #???????????????????????????????????????????? | | ?## ##??????????????????????????????????????????? | | ## #??????????????????????????????????????????? | | #??????????????????????????????????????????? | | ##??????????????????????????????????????????? | +----------------------------------------------------+ Best States ------------- Heat Dissipation 25 Energy Generation 10 Energy Capacity 250 Matter Stores 284 Matter Capacity 300 Sight Range 16 Robot Scan Range 10 Terrain Scan Density 10 Evasion (%) 50 Recoil Reduction 2 Item Schematics ----------------- None Robot Schematics ------------------ None Fabricated ------------ Nothing Alien Tech Used ----------------- None Achievements -------------- None Challenges ------------ None Game ------ Seed SkeletonHardenedBay Manual? 0 Play Time 00:10:17 Cumulative 10.8 hours Start 2020.10.17 @ 23:57:20 End 2020.10.18 @ 00:04:41 Sessions 1 Manual Loads 0 Difficulty Rogue Special Mode None Game No. 40 Rogue 40 Adventurer 0 Explorer 0 Win Type - Total 0 Types 0/0/0/0/0/0/0/0/0 Lore% 12 Gallery% 21 Achievement% 17 Wizard Run 0 Options --------- ASCII 1 Keyboard 0 Movement Arrows Keybinds 0 Fullscreen 1 Font 18/SmallcapsGlow Map View 76x50 Tactical HUD 1 Map Filters NONE Filters NONE Steam 1 RUN: d42036ad-af2a-495f-a785-aa7fee81b221